 Dungeon Crawl Stone Soup version 0.21.0 (webtiles) character file.

61231 Quarterback16 the Severer (level 14, -5/126 HPs)
             Began as a Minotaur Berserker on Jan 19, 2018.
             Was a High Priest of Trog.
             Slain by an anaconda (11 damage)
             ... on level 1 of the Snake Pit on Jan 20, 2018.
             The game lasted 02:45:59 (28446 turns).

Quarterback16 the Severer (Minotaur Berserker)     Turns: 28446, Time: 02:46:00

Health: -5/126     AC: 24    Str: 26    XL:     14   Next: 59%
Magic:  4/4        EV:  7    Int: 12    God:    Trog [*****.]
Gold:   109        SH: 17    Dex: 11    Spells: 13/13 levels left

rFire    + . .     SeeInvis .   N - +7 broad axe "Beast's Doom" {antimagic, rF- Int+4}
rCold    + . .     Gourm    .   t - +0 large shield
rNeg     . . .     Faith    .   P - +2 plate armour {rC+}
rPois    +         Spirit   .   (helmet unavailable)
rElec    +         Reflect  .   (no cloak)
rCorr    .         Harm     .   g - +1 pair of gloves
MR       ++...                  O - +2 pair of boots
Stlth    ..........             R - amulet "Macen" {Inacc rF++ Int+4 Stlth+}
HPRegen  0.31/turn              e - ring of poison resistance
MPRegen  0.09/turn              f - ring of protection from magic

@: no status effects
A: retaliatory headbutt, horns 3, electricity resistance
a: Berserk, Trog's Hand, Brothers in Arms, Burn Spellbooks, Renounce Religion


You were on level 1 of the Snake Pit.
You worshipped Trog.
Trog was extremely pleased with you.
You were not hungry.

You visited 4 branches of the dungeon, and saw 18 of its levels.

You collected 1135 gold pieces.
You spent 1026 gold pieces at shops.

Inventory:

Hand Weapons
 l - a +3 great mace
 z - a +1 battleaxe of electrocution
 A - a +2 flail of crushing
 F - a +2 war axe of chopping
 I - a +3 scimitar of flaming
 J - a +2 war axe of chopping
 N - the +7 broad axe "Beast's Doom" (weapon) {antimagic, rF- Int+4}
   (Trog gifted it to you on level 3 of the Lair of Beasts)

   It reduces the magical energy of the wielder, and disrupts the spells and
   magical abilities of those hit.
   Natural abilities and divine invocations are not affected.
   It affects your intelligence (+4).
   It makes you vulnerable to fire.
Missiles
 B - 6 tomahawks of returning (quivered)
 E - 4 javelins of penetration
 H - 13 javelins
Armour
 b - a +2 large shield
 g - a +1 pair of gloves (worn)
 t - a +0 large shield (worn)
 M - +0 acid dragon scales
 O - a +2 pair of boots (worn)
 P - a +2 plate armour of cold resistance (worn)
Jewellery
 e - a ring of poison resistance (left hand)
 f - a ring of protection from magic (right hand)
 j - a +2 ring of intelligence
 k - a +2 ring of strength
 q - an uncursed ring of stealth
 v - an uncursed amulet of magic regeneration
 L - an uncursed ring of see invisible
 Q - an uncursed amulet of the gourmand
 R - the amulet "Macen" (around neck) {Inacc rF++ Int+4 Stlth+}
   (You bought it in a shop on level 1 of the Snake Pit)

   [amulet of inaccuracy]

   It reduces the accuracy of all your attacks.
   It affects your intelligence (+4).
   It greatly protects you from fire.
   It makes you more stealthy.
Wands
 o - a wand of scattershot (2)
 p - a wand of flame (41)
 s - a wand of polymorph (16)
 C - a wand of iceblast (11)
Scrolls
 d - 2 scrolls of fog
 m - 4 scrolls of remove curse
 y - 2 scrolls of magic mapping
 D - 4 scrolls of identify
 S - a scroll of acquirement
Potions
 a - a potion of invisibility
Miscellaneous
 i - a lightning rod (4/4)
 K - a phial of floods
Comestibles
 c - 12 rations


   Skills:
 + Level 12.0 Fighting
 + Level 4.5 Long Blades
 + Level 15.9(16.7) Axes
 + Level 9.3(13.7) Maces & Flails
 + Level 10.6 Throwing
 + Level 13.5 Armour
 + Level 6.9 Dodging
 + Level 3.0 Stealth
 + Level 7.2 Shields
 + Level 1.4 Evocations


You had 13 spell levels left.
You didn't know any spells.

Dungeon Overview and Level Annotations

Branches:
Dungeon (9/15)             Temple (0/1) D:6            Lair (6/6) D:9
  Swamp (1/4) Lair:3        Snake (2/4) Lair:3        Slime (0/5) Lair:6
    Orc: D:9-12

Altars:
Cheibriados
Dithmenos
Gozag
Kikubaaqudgha
Makhleb
Nemelex Xobeh
Qazlal
Ru
Sif Muna
Wu Jian
Xom
Zin
The Shining One
Jiyva

Shops:
D:6 *   D:7 }   Snake:1 =%*%

Annotations:
Lair:1 exclusion: oklob plant
Lair:6 exclusion: oklob plant
Snake:2 wilfster70's ghost, adept SpEn


Innate Abilities, Weirdness & Mutations

You reflexively headbutt those who attack you in melee.
You have a pair of large horns on your head.
You are resistant to electric shocks. (rElec)


Message History

The anaconda bites you but does no damage.
The anaconda grabs you.
The anaconda bites you but does no damage.
* * * LOW HITPOINT WARNING * * *
The anaconda constricts you.
You escape the anaconda's grasp.
You block the anaconda's attack. x2
You block the anaconda's attack. The anaconda bites you!
* * * LOW HITPOINT WARNING * * *
You block the anaconda's attack.
The anaconda bites you but does no damage.
The anaconda barely misses you. x2
There is a stone staircase leading down, spattered with blood here.
As you read the scroll of fog, it crumbles to dust.
The scroll dissolves into smoke.
The anaconda barely misses you. You furiously retaliate!
You headbutt the anaconda!!
The anaconda bites you but does no damage.
You block the anaconda's attack. x2
You block the anaconda's attack. The anaconda bites you!
You die...

.......## #......###..#
.......##############.......###..
.............................###.
..............................###
#......##################......##
......## ##....#..#
.....###################....####.
....##.......§§§§§§...........###
#..##........§§S@§§............##
#.##..#############....#........#
..##...#### #....##........
.##.......#########....###.......
##........S.S...........#####....
#........................## ###..
...........#############..#####..
.##.........# ##....###.
###.........###############...#.#


You could see an anaconda.

Vanquished Creatures
  Gastronok (D:8)
  2 nagarajas (Snake:1)
  Aizul (Snake:1)
  A fire dragon (Lair:6)
  Harold (Lair:3)
  Erica (Lair:1)
  2 anacondas (Snake:1)
  6 hydras
  3 naga warriors
  6 death yaks
  Urug (Lair:2)
  2 naga sharpshooters
  A swamp dragon (Lair:6)
  The ghost of AymanAU the Covered, a novice MiFi of Yredelemnul (D:5)
  A mana viper (Snake:1)
  11 elephants
  7 salamanders
  17 black mambas
  A torpor snail (Lair:5)
  5 naga magi (Snake:1)
  A guardian serpent (Snake:1)
  14 spiny frogs
  4 komodo dragons
  4 rime drakes
  A troll (D:9)
  8 hippogriffs
  16 blink frogs
  3 basilisks
  32 yaks
  2 wyverns
  A hungry ghost (D:7)
  5 vampire mosquitoes (Lair:3)
  A steam dragon (Lair:6)
  2 acid dragons (Lair:6)
  10 nagas
  12 water moccasins
  2 swamp drakes
  6 porcupines
  3 orc warriors
  2 sky beasts
  A black bear (D:7)
  4 wolves (Lair:2)
  3 phantoms
  5 ogres
  A centaur (D:5)
  7 crocodiles
  The ghost of RedSky the Grave Robber, an amateur DsNe (D:3)
  2 big kobolds
  10 bullfrogs
  A gnoll sergeant (D:8)
  A scorpion (D:5)
  A water moccasin zombie (D:7)
  4 killer bees (D:7)
  An electric eel (Lair:3)
  3 howler monkeys
  4 bullfrog zombies
  6 crimson imps
  A centaur zombie (D:5)
  12 jellies
  3 orc priests
  A bullfrog skeleton (D:6)
  6 hounds
  5 iguanas
  7 orc wizards
  9 worker ants
  A hound zombie (D:6)
  3 hound skeletons
  Robin (D:2)
  10 gnolls
  7 adders
  A shadow imp (D:9)
  16 oozes
  2 adder zombies
  An adder skeleton (D:5)
  4 leopard geckos
  36 orcs
  13 bats
  3 giant cockroaches
  12 goblins
  5 hobgoblins
  17 jackals
  2 quokkas
  A ball python (D:4)
  2 frilled lizards
  11 kobolds
  A leopard gecko skeleton (D:7)
  A quokka skeleton (D:7)
  5 rats
  4 fungi
  2 plants
460 creatures vanquished.

Vanquished Creatures (collateral kills)
  A naga (Lair:3)
  A plant (Lair:3)
2 creatures vanquished.

Vanquished Creatures (others)
  23 fungi
  24 plants
47 creatures vanquished.

Grand Total: 509 creatures vanquished

Notes
Turn   | Place    | Note
-------+----------+-------------------------------------------
     0 | D:1      | Quarterback16 the Minotaur Berserker began the quest for the Orb.
     0 | D:1      | Reached XP level 1. HP: 19/19 MP: 0/0
   293 | D:1      | Reached XP level 2. HP: 22/27 MP: 1/1
   723 | D:1      | Reached skill level 4 in Axes
  1310 | D:2      | Reached XP level 3. HP: 34/34 MP: 2/2
  1340 | D:2      | Found a burning altar of Makhleb.
  1622 | D:2      | Found a shimmering altar of Xom.
  1702 | D:2      | Noticed Robin
  1714 | D:2      | Reached ** piety under Trog
  1726 | D:2      | Killed Robin
  1726 | D:2      | Reached XP level 4. HP: 41/41 MP: 3/3
  2109 | D:3      | Found a stormy altar of Qazlal.
  2767 | D:3      | Noticed RedSky's ghost (amateur DsNe)
  2778 | D:3      | Killed RedSky's ghost
  2778 | D:3      | Reached XP level 5. HP: 47/47 MP: 4/4
  3180 | D:4      | Found a sparkling altar of Nemelex Xobeh.
  3245 | D:4      | Reached skill level 5 in Axes
  3536 | D:4      | Reached XP level 6. HP: 53/53 MP: 5/5
  3558 | D:4      | Reached skill level 6 in Axes
  3585 | D:4      | Reached skill level 1 in Stealth
  3598 | D:4      | Reached skill level 5 in Fighting
  3598 | D:4      | Reached skill level 5 in Armour
  3598 | D:4      | Reached XP level 7. HP: 43/61 MP: 6/6
  4000 | D:4      | Found a snail-covered altar of Cheibriados.
  4371 | D:4      | Gained mutation: You are resistant to electric shocks. (rElec) [potion of mutation]
  4371 | D:4      | Gained mutation: You have a pair of large horns on your head. [potion of mutation]
  4430 | D:5      | Entered Level 5 of the Dungeon
  4514 | D:5      | Reached skill level 7 in Axes
  4541 | D:5      | Noticed AymanAU's ghost (novice MiFi)
  4557 | D:5      | Killed AymanAU's ghost
  4557 | D:5      | Reached skill level 8 in Axes
  4557 | D:5      | Reached skill level 1 in Throwing
  4557 | D:5      | Reached XP level 8. HP: 43/70 MP: 7/7
  4709 | D:5      | Found an opulent altar of Gozag.
  4884 | D:5      | Reached *** piety under Trog
  5183 | D:5      | Reached skill level 9 in Axes
  5536 | D:6      | Found a staircase to the Ecumenical Temple.
  5569 | D:6      | Found Tutaupon's General Store.
  5623 | D:6      | Bought a ration for 60 gold pieces
  5623 | D:6      | Bought a scroll of remove curse for 36 gold pieces
  5623 | D:6      | Bought a scroll of identify for 24 gold pieces
  5623 | D:6      | Bought a ration for 60 gold pieces
  6489 | D:7      | Reached **** piety under Trog
  6492 | D:7      | Received a gift from Trog
  6700 | D:7      | Reached XP level 9. HP: 70/75 MP: 8/8
  6702 | D:7      | Reached skill level 10 in Axes
  7549 | D:7      | Found Egid's Gadget Shop.
  7573 | D:7      | Bought a wand of iceblast (9) for 169 gold pieces
  8256 | D:8      | Reached skill level 5 in Dodging
  8714 | D:8      | Reached skill level 1 in Maces & Flails
  8961 | D:8      | Noticed Gastronok
  8974 | D:8      | Killed Gastronok
  8974 | D:8      | Reached skill level 11 in Axes
  8974 | D:8      | Reached skill level 5 in Maces & Flails
  8974 | D:8      | Reached XP level 10. HP: 88/88 MP: 9/9
  9173 | D:8      | Found a glowing golden altar of the Shining One.
  9173 | D:8      | Found a sacrificial altar of Ru.
  9947 | D:9      | Noticed a death yak
  9951 | D:9      | Noticed a death yak
  9955 | D:9      | Noticed a death yak
  9956 | D:9      | Noticed a death yak
  9957 | D:9      | Noticed a death yak
 10016 | D:9      | Killed a death yak
 10034 | D:8      | Killed a death yak
 10284 | D:8      | Killed a death yak
 10284 | D:8      | Reached skill level 5 in Throwing
 10738 | D:9      | Killed a death yak
 10738 | D:9      | Reached XP level 11. HP: 95/95 MP: 10/10
 10858 | D:9      | Killed a death yak
 11027 | D:9      | Found a staircase to the Lair.
 11167 | D:9      | Received a gift from Trog
 11167 | D:9      | Reached skill level 10 in Armour
 11666 | D:9      | Found an ancient bone altar of Kikubaaqudgha.
 11903 | D:9      | Found an ornate altar of the Wu Jian Council.
 11903 | D:9      | Found a glowing silver altar of Zin.
 11915 | D:9      | Found a deep blue altar of Sif Muna.
 11920 | D:9      | Found a faded altar of an unknown god.
 11922 | D:9      | Found a shadowy altar of Dithmenos.
 12187 | Lair:1   | Entered Level 1 of the Lair of Beasts
 12485 | Lair:1   | Reached ***** piety under Trog
 12673 | Lair:1   | Noticed Erica
 12681 | Lair:1   | Killed Erica
 13028 | Lair:1   | Noticed an oklob plant
 13080 | Lair:1   | Received a gift from Trog
 13082 | Lair:1   | Reached skill level 12 in Axes
 14033 | Lair:2   | Reached XP level 12. HP: 96/106 MP: 11/11
 14244 | Lair:2   | Reached skill level 13 in Axes
 14513 | Lair:2   | Reached skill level 10 in Fighting
 14598 | Lair:2   | Noticed Urug
 14618 | Lair:2   | Killed Urug
 15970 | Lair:2   | Identified a scroll of acquirement
 16017 | Lair:3   | Found a staircase to the Swamp.
 16135 | Swamp:1  | Entered Level 1 of the Swamp
 16468 | Lair:3   | Found a staircase to the Snake Pit.
 16518 | Lair:3   | Received a gift from Trog
 16521 | Lair:3   | Got a crystal broad axe {god gift}
 16547 | Lair:3   | Identified the +7 broad axe "Beast's Doom" {antimagic, rF- Int+4} (Trog gifted it to you on level 3 of the Lair of Beasts)
 16661 | Lair:3   | Noticed a four-headed hydra
 16669 | Lair:3   | Killed a one-headed hydra
 16709 | Lair:3   | Reached skill level 1 in Long Blades
 16955 | Lair:3   | Noticed Harold
 16972 | Lair:3   | Killed Harold
 18685 | Lair:4   | Reached skill level 14 in Axes
 18902 | Lair:4   | Noticed an eight-headed hydra
 18910 | Lair:4   | Killed a seven-headed hydra
 18910 | Lair:4   | Reached XP level 13. HP: 114/114 MP: 5/12
 19045 | Lair:4   | Reached skill level 1 in Shields
 20225 | Lair:6   | Entered Level 6 of the Lair of Beasts
 20238 | Lair:6   | Found a viscous altar of Jiyva.
 20238 | Lair:6   | Found a staircase to the Slime Pits.
 20778 | Lair:6   | Received a gift from Trog
 20995 | Lair:6   | Received a gift from Trog
 21270 | Lair:5   | Received a gift from Trog
 21433 | Lair:5   | Reached skill level 15 in Axes
 21875 | Lair:6   | Reached skill level 5 in Shields
 22340 | Lair:6   | Received a gift from Trog
 22404 | Lair:6   | Noticed a fire dragon
 22421 | Lair:6   | HP: 4/174 [fire dragon/blast of flame (33)]
 22422 | Lair:6   | Killed a fire dragon
 23602 | Snake:1  | Entered Level 1 of the Snake Pit
 23614 | Snake:1  | Noticed Aizul
 23632 | Snake:1  | Killed Aizul
 23633 | Snake:1  | Received a gift from Trog
 23648 | Snake:1  | Reached XP level 14. HP: 46/124 MP: 4/13
 24447 | Snake:1  | Noticed a nagaraja
 24480 | Snake:1  | Killed a nagaraja
 24482 | Snake:1  | Noticed a nagaraja
 25381 | Snake:1  | Reached skill level 10 in Throwing
 25581 | Snake:1  | Killed a nagaraja
 25974 | Snake:1  | Found Sun Wuriesud's Food Shoppe.
 25977 | Snake:1  | Found Tiuphol's Food Emporium.
 25977 | Snake:1  | Found Qakofaho's Jewellery Shoppe.
 25989 | Snake:1  | Reached skill level 1 in Evocations
 25990 | Snake:1  | Found Nigog's General Store.
 26080 | Snake:1  | Bought 2 scrolls of identify for 76 gold pieces
 26080 | Snake:1  | Bought a wand of flame (16) for 171 gold pieces
 26080 | Snake:1  | Bought a scroll of identify for 38 gold pieces
 26080 | Snake:1  | Bought a scroll of identify for 38 gold pieces
 26088 | Snake:1  | Bought the amulet "Macen" {Inacc rF++ Int+4 Stlth+} for 354 gold pieces
 26160 | Snake:2  | Noticed a nagaraja
 28299 | Snake:2  | Noticed wilfster70's ghost (adept SpEn)
 28441 | Snake:1  | HP: 4/126 [anaconda (13)]
 28446 | Snake:1  | Slain by an anaconda

Skill      XL: |  1  2  3  4  5  6  7  8  9 10 11 12 13 14 |
---------------+-------------------------------------------+-----
Fighting       | 4 5 6 8 9 10 11 12 | 12.0
Axes           | 4 5 6 8 9 11 12 14 15 | 15.9
Dodging        | 3 4 5 6 |  6.9
Armour         | 3 5 6 7 9 10 11 12 13 | 13.5
Stealth        | 1 2 3 |  3.0
Throwing       | 1 2 3 5 7 8 9 10 | 10.6
Maces & Flails | 5 8 9 |  9.3
Long Blades    | 2 4 |  4.5
Shields        | 5 7 |  7.2
Evocations     | 1 |  1.4

Action                   |  1- 3 |  4- 6 |  7- 9 | 10-12 | 13-15 || total
-------------------------+-------+-------+-------+-------+-------++-------
Melee: Hand axe          |    64 |    75 |     4 |       |       ||   143
       Headbutt          |     8 |     9 |    55 |    84 |    86 ||   242
       War axe           |       |       |   190 |       |       ||   190
       Flail             |       |       |    57 |    86 |       ||   143
       Battleaxe         |       |       |       |   147 |       ||   147
       Broad axe         |       |       |       |    74 |   434 ||   508
       Great mace        |       |       |       |    28 |       ||    28
       Scimitar          |       |       |       |    14 |    42 ||    56
Throw: Tomahawk          |       |     5 |    29 |   140 |   133 ||   307
       Javelin           |       |       |       |    17 |    76 ||    93
Invok: Berserk           |     1 |     1 |     3 |     7 |     9 ||    21
       Burn Spellbooks   |       |       |     1 |     1 |     2 ||     4
Evoke: Wand              |       |       |       |     2 |    13 ||    15
       Phial of floods   |       |       |       |     1 |     1 ||     2
       Lightning rod     |       |       |       |       |     3 ||     3
  Use: Scroll            |       |     7 |     9 |    14 |    13 ||    43
       Potion            |       |       |     9 |    11 |    13 ||    33
 Stab: Invisible         |       |       |     3 |       |       ||     3
  Eat: Chunk             |     2 |     2 |    11 |     8 |     6 ||    29
       Ration            |       |     2 |     3 |     8 |    10 ||    23
Armor: Animal skin       |    10 |       |       |       |       ||    10
       Scale mail        |    26 |    31 |   101 |   108 |       ||   266
       Plate armour      |       |       |       |    36 |   303 ||   339
Dodge: Dodged            |    58 |    55 |   136 |   202 |   127 ||   578
Block: Large shield      |       |       |       |    25 |   449 ||   474
       Rpst.: Scimitar   |       |       |       |     1 |     5 ||     6
